 Dungeon Crawl Stone Soup version 0.29.1-14-g9c671dbff4 (webtiles) character file.

Game seed: 10390765873530026737

147 MacCMillion the Shooter (level 5, -1/30 HPs)
             Began as a Kobold Hunter on Feb 17, 2023.
             Frozen to death by an endoplasm (4 damage)
             ... on level 3 of the Dungeon.
             The game lasted 00:03:43 (2312 turns).

MacCMillion the Shooter (Kobold Hunter)             Turns: 2312, Time: 00:03:44

Health: -1/30      AC:  3    Str:  9    XL:     5   Next: 54%
Magic:  5/5        EV: 14    Int: 10    God:
Gold:   120        SH:  0    Dex: 20    Spells: 4/4 levels left

rFire   . . .      SeeInvis .   a - +0 shortbow
rCold   . . .      Faith    .   (shield currently unavailable)
rNeg    . . .      Spirit   .   c - +0 leather armour
rPois   .          Reflect  .   (no helmet)
rElec   .          Harm     .   (no cloak)
rCorr   .          Rampage  .   (no gloves)
Will    .....                   (no boots)
Stlth   ++++......              i - amulet of magic regeneration
HPRegen 0.10/turn               (no ring)
MPRegen 0.49/turn               (no ring)

@: no status effects
A: small, no large weapons, nightstalker 3
a: no special abilities


You were on level 3 of the Dungeon.
You visited 1 branch of the dungeon, and saw 3 of its levels.

You collected 120 gold pieces.

Inventory:

Hand Weapons
 a - a +0 shortbow (weapon)
Armour
 c - a +0 leather armour (worn)
Jewellery
 i - an amulet of magic regeneration (around neck)
Scrolls
 b - a scroll of immolation
 e - 7 scrolls of identify {unknown}
 f - 2 scrolls of magic mapping {unknown}
 k - a scroll of blinking {unknown}
 l - a scroll of vulnerability {unknown}
Potions
 d - 2 potions of curing {unknown}
 g - a potion of brilliance {unknown}
 h - 2 potions of attraction {unknown}
 j - a potion of haste {unknown}
 m - a potion of might {unknown}
 n - a potion of heal wounds {unknown}


   Skills:
 - Level 2.1 Fighting
 + Level 7.7 Ranged Weapons
 - Level 2.4 Dodging
 - Level 4.0 Stealth


You had 4 spell levels left.
You didn't know any spells.
Your spell library was empty.

Dungeon Overview and Level Annotations

Branches:
Dungeon (3/15)

Altars:
Kikubaaqudgha
Vehumet

Shops:
D:1 *

Annotations:
D:2 1 runed translucent door, Crazy Yiuf


Innate Abilities, Weirdness & Mutations

You are small and have problems with some larger weapons.
You are completely attuned to the shadows.


Message History

Fire: a) +0 shortbow
Press: ? - help, Q - select action Shift-Dir - straight line, f - gnoll
Aim: a gnoll, wielding a +0 club (69% to hit)
You shoot an arrow. The arrow hits the gnoll.
The gnoll is heavily wounded.
The gnoll barely misses you. The endoplasm freezes you.
You are frozen.
* * * LOW HITPOINT WARNING * * *
Fire: a) +0 shortbow
Press: ? - help, Q - select action Shift-Dir - straight line, f/p - gnoll
Aim: a gnoll, wielding a +0 club (heavily wounded, 69% to hit)
You shoot an arrow.
The arrow hits the gnoll but does no damage.
The gnoll is heavily wounded.
The gnoll misses you. The endoplasm freezes you.
You are frozen.
* * * LOW HITPOINT WARNING * * *
Unknown command.
Okay, then.
Fire: a) +0 shortbow
Press: ? - help, Q - select action Shift-Dir - straight line, f/p - gnoll
Aim: a gnoll, wielding a +0 club (heavily wounded, 69% to hit)
You shoot an arrow.
The arrow hits the gnoll but does no damage.
The gnoll is heavily wounded.
The gnoll completely misses you. The endoplasm freezes you.
You are frozen.
* * * LOW HITPOINT WARNING * * *
Unknown command.
Fire: a) +0 shortbow
Press: ? - help, Q - select action Shift-Dir - straight line, f/p - gnoll
Aim: a gnoll, wielding a +0 club (heavily wounded, 69% to hit)
You shoot an arrow. The arrow hits the gnoll!
You kill the gnoll!
The endoplasm freezes you.
You are frozen.
You die...

......#..#####.≈.≈.§.
.......+........≈.≈§_§
.......###..###.≈.≈...
.......'..........≈§≈≈§ .
.......#####....≈.....§.≈ .
................≈≈≈≈≈≈§≈≈
......................... ##
....)..............#..... ..
..........J@.....#......# ##
..........)......#......# #
.)...)...........#......####
.................#......#...
........####### #......#.##
........# #......'†##
##...>...... ............
............


You could see an endoplasm.

Vanquished Creatures
  An orc wizard (D:3)
  3 gnolls (D:3)
  3 adders
  3 worms (D:2)
  A dart slug (D:3)
  2 orcs (D:3)
  9 ball pythons
  4 bats
  7 endoplasms
  3 giant cockroaches
  3 goblins
  4 hobgoblins
  5 quokkas
  2 frilled lizards (D:2)
  5 kobolds
  6 rats
61 creatures vanquished.

Vanquished Creatures (others)
  3 withered plants (D:2)
3 creatures vanquished.

Grand Total: 64 creatures vanquished

Notes
Turn   | Place    | Note
-------+----------+-------------------------------------------
     0 | D:1      | MacCMillion the Kobold Hunter began the quest for the Orb.
     0 | D:1      | Reached XP level 1. HP: 12/12 MP: 1/1
   162 | D:1      | Reached XP level 2. HP: 17/17 MP: 2/2
   390 | D:1      | You fall into a shaft and drop 1 floor!
   641 | D:1      | Found Campeq's Assorted Antiques.
   688 | D:1      | Reached XP level 3. HP: 21/21 MP: 3/3
  1148 | D:2      | Reached skill level 6 in Ranged Weapons
  1277 | D:2      | Reached XP level 4. HP: 26/26 MP: 4/4
  1318 | D:2      | Found an ancient bone altar of Kikubaaqudgha.
  1398 | D:2      | Found a faded altar of an unknown god.
  1544 | D:2      | Found a runed translucent door.
  1547 | D:2      | Noticed Crazy Yiuf
  1886 | D:3      | Reached skill level 7 in Ranged Weapons
  1888 | D:3      | Reached XP level 5. HP: 30/30 MP: 5/5
  2067 | D:3      | Found a radiant altar of Vehumet.
  2312 | D:3      | Frozen to death by an endoplasm

Illustrated notes

Levels and vault maps discovered:
D:1:      sevenhm_arrival_forest_fort_large_4, layout_basic, serial_shops, shop
D:2:      layout_rooms, basic_altar, ebering_ecumenical_altar_petrified,
          kennysheep_generic_room_7, uniq_crazy_yiuf_cottage
D:3:      layout_basic, mainiacjoe_overflow_concentric_impassable,
          minmay_pentangle

Skill      XL: |  1  2  3  4 |
---------------+-------------+-----
Stealth        | 2 3 4 |  4.0
Ranged Weapons | 6 7 |  7.7
Fighting       | |  2.1
Dodging        | |  2.4

Action                   |  1- 3 |  4- 6 || total
-------------------------+-------+-------++-------
 Fire: Shortbow          |    60 |    81 ||   141
Armor: Leather armour    |     3 |     5 ||     8
Dodge: Dodged            |    16 |    29 ||    45
